AoeStats
← BladeY

Arabia

510277662Analyzed
1v1 RM · 11h ago on Sep 30, 2026· 49m 53s· 2 players
Game mode
Random Map
Map size
Tiny (2 player)
Population
200
Speed
Normal
Resources
Standard
Victory
Conquest
Starting age
Dark Age
Ending age
Imperial Age
RankedLock teamsTeams togetherTeam positionsShared explorationLock speedFull tech treeHidden civsTurbo modeCheats
Victory
Defeat
🇨🇭 Persians · Switzerland
1432
+15
🇮🇳 Tupi · India
1400
-15
BladeY
9:18 Feudal Age
10:44 Loom
11:37 Double-Bit Axe
20:19 Castle Age
18:31 Fletching
19:13 Gold Mining
19:04 Horse Collar
20:56 Bodkin Arrow
20:25 Crossbowman
21:37 Bow Saw
21:28 Heavy Plow
23:00 Wheelbarrow
23:53 Ballistics
25:21 Padded Archer Armor
24:44 Pikeman
26:36 Hand Cart
28:07 Town Watch
32:57 Imperial Age
33:55 Bracer
33:16 Arbalester
35:02 Chemistry
35:57 Leather Archer Armor
35:29 Pikeman
36:11 Squires
39:13 Halberdier
39:55 Scale Mail Armor
40:05 Forging
39:59 Murder Holes
41:02 Chain Mail Armor
41:25 Forging
42:39 Plate Mail Armor
43:35 Forging
45:03 Iron Casting
46:51 Two-Man Saw
46:13 Capped Ram
NinjaPenguin
5:34 Loom
8:56 Feudal Age
9:35 Double-Bit Axe
20:03 Castle Age
19:41 Horse Collar
19:52 Gold Mining
20:47 Scale Barding Armor
22:03 Chain Barding Armor
21:43 Town Watch
25:15 Bow Saw
30:37 Wheelbarrow
31:39 Bloodlines
31:29 Husbandry
32:27 Hand Cart
36:37 Imperial Age
34:34 Husbandry
35:03 Heavy Plow
35:26 Forging
36:17 Cavalier
37:39 Plate Barding Armor
43:43 Ballistics
45:23 Chemistry
44:03 Savar
45:58 Iron Casting
45:27 Padded Archer Armor
45:46 Light Cavalry
Connection lost

Rejoining the realm…

Still unreachable

The connection could not be restored.

Session expired

The server has moved on; the page needs a fresh start.